 Dungeon Crawl Stone Soup version 0.29.0-4-gdea44cf6ec (webtiles) character file.

Game seed: 17404486130173408946

33 qw the Chopper (level 3, -5/21 HPs)
             Began as a Tengu Warper on Aug 28, 2022.
             Slain by a gnoll bouda
             ... wielding a +0 club
              (7 damage)
             ... on level 2 of the Dungeon.
             The game lasted 00:00:03 (1318 turns).

qw the Chopper (Tengu Warper)                       Turns: 1318, Time: 00:00:04

Health: -5/21      AC:  5    Str: 13    XL:     3   Next: 29%
Magic:  7/7        EV: 11    Int: 13    God:
Gold:   46         SH:  0    Dex: 13    Spells: 6/6 levels left

rFire   . . .      SeeInvis .   Y - +0 hand axe
rCold   . . .      Faith    .   (no shield)
rNeg    . . .      Spirit   .   i - +0 ring mail
rPois   .          Reflect  .   (helmet restricted)
rElec   .          Harm     .   (no cloak)
rCorr   .          Rampage  .   (no gloves)
Will    .....                   (boots unavailable)
Stlth   +.........              (no amulet)
HPRegen 0.07/turn               (no ring)
MPRegen 0.10/turn               (no ring)

@: about to teleport, weakened
A: beak, talons 3
a: no special abilities


You were on level 2 of the Dungeon.
You visited 1 branch of the dungeon, and saw 2 of its levels.

You collected 46 gold pieces.


Innate Abilities, Weirdness & Mutations

You have a beak for a mouth.
You have claws for feet.


   Skills:
 - Level 2.0 Fighting
 + Level 4.0 Axes
 - Level 1.0 Throwing
 - Level 1.1 Armour
 - Level 2.1 Dodging
 - Level 2.0 Spellcasting
 - Level 2.4 Translocations


You had 6 spell levels left.
You didn't know any spells.
Your spell library contained the following spells:

 Spells                   Type           Power      Damage    Failure   Level
 Blink                    Tloc           14%        N/A       30%         2
 Gell's Gravitas          Tloc           7%         N/A       52%         3
 Lesser Beckoning         Tloc           7%         N/A       52%         3
 Teleport Other           Tloc           7%         N/A       52%         3
 Manifold Assault         Tloc           7%         N/A       99%         5

Inventory:

Hand Weapons
 k - a +0 club
 Y - a +0 hand axe (weapon)
Missiles
 d - 4 boomerangs of dispersal
 h - 5 javelins (quivered)
Armour
 i - a +0 ring mail (worn)
Potions
 e - a potion of curing
 l - a potion of lignification {unknown}

Dungeon Overview and Level Annotations

Branches:
Dungeon (2/15)

Altars:


Message History

The adder closely misses you.
You slash the adder!
You kill the adder!
Your Axes skill increases to level 4!
Throw: 6 javelins
Press: ? - help, Q - select action, (/) - cycle Shift-Dir - straight line, f - ball python You throw a javelin.
The javelin pierces through the ball python.
The ball python is severely wounded.
A gnoll bouda comes into view. It is wielding a +0 club.
You hit the gnoll bouda but do no damage.
You peck the gnoll bouda.
The gnoll bouda is lightly wounded.
The gnoll bouda closely misses you.
You hit the gnoll bouda.
The gnoll bouda is moderately wounded.
The gnoll bouda hits you with a +0 club. x2
You hit the gnoll bouda. You claw the gnoll bouda.
The gnoll bouda is heavily wounded.
The gnoll bouda barely misses you.
You hit the ball python but do no damage.
Your kick misses the ball python.
The ball python is severely wounded.
You barely miss the gnoll bouda.
The ball python bites you but does no damage.
The ball python grabs you. The ball python constricts you.
The gnoll bouda misses you. The ball python bites you.
The ball python constricts you.
1317 ||| READING scroll of teleportation.
As you read the scroll of teleportation, it crumbles to dust.
You feel strangely unstable. The ball python bites you.
The ball python constricts you.
The gnoll bouda gazes fiercely through you!
You feel your attacks grow feeble. The gnoll bouda closely misses you.
You hit the ball python.
You kill the ball python!
You hit the gnoll bouda but do no damage.
The gnoll bouda hits you with a +0 club!
You die...

#.........
.......
..... ...
#'# ##
#####.# ..#
....#.# #.##
###.#.##
##%..#
#....## #@)#
###.....##.
##g..#
...........#
#.#.#
###.#.######
....#
###.#.# .##
....#.# ..
#####.# .#
.# .(


You could see a gnoll bouda.

Vanquished Creatures
  2 adders (D:2)
  A dart slug (D:1)
  2 ball pythons
  A goblin (D:1)
  A hobgoblin (D:1)
  3 kobolds
  2 quokkas (D:1)
  A frilled lizard (D:2)
  A rat (D:1)
14 creatures vanquished.

Notes
Turn   | Place    | Note
-------+----------+-------------------------------------------
     0 | D:1      | qw the Tengu Warper began the quest for the Orb.
     0 | D:1      | Reached XP level 1. HP: 12/12 MP: 4/4
     0 | D:1      | 0 ||| qw: Version: 0.1-a-89-g26bdef1
     0 | D:1      | 0 ||| qw: Game counter: 2070
     0 | D:1      | 0 ||| qw: Always use a shield: true
     0 | D:1      | 0 ||| qw: God list: Okawaru
     0 | D:1      | 0 ||| qw: Allow faded altars: false
     0 | D:1      | 0 ||| qw: Do Orc after D:15 true
     0 | D:1      | 0 ||| qw: Do second Lair branch before Depths: true
     0 | D:1      | 0 ||| qw: Lair rune preference: random
     0 | D:1      | 0 ||| qw: Plans: Normal
     0 | D:1      | 0 ||| PLANNING D:1-11
   384 | D:1      | 384 ||| Stepping ~*~*~tactically~*~*~ (stealth).
   728 | D:1      | Reached XP level 2. HP: 15/17 MP: 6/6
   787 | D:1      | Reached skill level 3 in Axes
   900 | D:1      | 900 ||| Stepping ~*~*~tactically~*~*~ (hiding).
  1006 | D:1      | 1006 ||| Stepping ~*~*~tactically~*~*~ (hiding).
  1008 | D:1      | 1008 ||| Stepping ~*~*~tactically~*~*~ (hiding).
  1217 | D:1      | 1217 ||| DROPPING orb of energy.
  1218 | D:1      | 1218 ||| UPGRADING to +0 ring mail.
  1228 | D:1      | 1228 ||| DROPPING +0 leather armour.
  1229 | D:1      | 1229 ||| DROPPING ring of wizardry.
  1230 | D:1      | 1230 ||| READING 2 scrolls labelled HUAXUOL EFFAMA.
  1233 | D:1      | 1233 ||| DRINKING 2 black potions.
  1234 | D:1      | 1234 ||| DROPPING scroll of blinking.
  1309 | D:2      | Reached XP level 3. HP: 15/21 MP: 7/7
  1312 | D:2      | Reached skill level 4 in Axes
  1316 | D:2      | HP: 5/21 [ball python (1)]
  1317 | D:2      | 1317 ||| READING scroll of teleportation.
  1317 | D:2      | HP: 2/21 [constriction (1)]
  1318 | D:2      | Slain by a gnoll bouda

Levels and vault maps discovered:
D:1:      minmay_arrival_four_houses, layout_basic, minmay_tromino_v4_c
D:2:      minmay_spotlight, layout_loops_corners,
          hellmonk_ecumenical_altar_arch_garden

Skill      XL: |  1  2  3 |
---------------+----------+-----
Axes           | 3 4 |  4.0
Fighting       | |  2.0
Throwing       | |  1.0
Armour         | |  1.1
Dodging        | |  2.1
Spellcasting   | |  2.0
Translocations | |  2.4

Action                   || total
-------------------------++-------
Melee: Hand axe          ||    32
       Kick              ||     5
       Peck              ||     5
       Punch             ||     2
Throw: Javelin           ||     8
       Boomerang         ||     3
  Use: Scroll            ||     2
       Potion            ||     1
Armor: Leather armour    ||     2
       Ring mail         ||     9
Dodge: Dodged            ||    19

Table legend:
 A = Non-vault XP
 B = Vault XP
 C = Vault XP percentage of total XP
 D = Non-vault monster count
 E = Vault monster count
 F = Vault count percentage of total count
                 A         B        C        D         E       F
            +---------+---------+-------+---------+---------+-------
      Total |      20 |      29 |  59.2 |      10 |       4 |  28.6
            +---------+---------+-------+---------+---------+-------
        D:1 |      19 |       0 |   0.0 |       9 |       0 |   0.0
        D:2 |       1 |      29 |  96.7 |       1 |       4 |  80.0
            +---------+---------+-------+---------+---------+-------
